[Event "Chinese League Division-A 2024"]
[Site "Fuling Chongqing"]
[Date "2024.06.26"]
[Round "1.27"]
[White "Zeng, Chongsheng"]
[Black "Xu, Minghui"]
[Result "1-0"]
[ECO "A17"]
[WhiteElo "2578"]
[BlackElo "2388"]
[Annotator "TA"]
[PlyCount "105"]
[EventDate "2024.06.28"]
[EventType "team-tourn"]
[EventCountry "CHN"]
[SourceTitle "playchess.com"]
[Source "ChessBase"]
[SourceQuality "1"]
[TimeControl "40/5400+30:1800+30"]

1. e3 d5 2. c4 e6 3. Nf3 Nf6 4. Nc3 Bd6 5. d4 b6 6. Qc2 {[%emt 0:04:06] A17: English Opening: 1...Nf6 with ...Bb4.} Bb7 7. cxd5 exd5 8. Nb5 O-O 9. Bd2 $146 ({Predecessor:} 9. Nxd6 cxd6 10. Bd3 Nc6 11. Bd2 Rc8 12. Qa4 Qd7 13. O-O Rfd8 14. Rfc1 Ne4 15. Be1 {1-0 Andreikin,D (2724)-Sarana,A (2640) Bryansk Zilberstein Memorial 5th rapid 2021 (8)}) 9... c5 10. Nxd6 Qxd6 11. dxc5 bxc5 12. Bd3 Re8 13. O-O-O d4 (13... c4 $17 14. Be2 Nc6) 14. Kb1 $11 Nbd7 15. Bc3 $2 (15. exd4 $11 Rac8 16. Rhe1 Rxe1 17. Rxe1 (17. Bxe1 cxd4 18. Qd2 Ne4 $17)) 15... Rac8 (15... dxc3 16. Bxh7+ Nxh7 17. Rxd6 $16) (15... Bd5 $1 $19 {has better winning chances.} 16. Be1 (16. exd4 $2 c4 $19) 16... Qe6 (16... dxe3 17. fxe3 Qc6 18. Ka1 $17)) 16. exd4 {[%emt 0:01:10] [#]} c4 $1 17. Bf5 {[%emt 0:09:11] [#]} g6 $1 18. Nh4 (18. Qd2 $17 {was worth a try.}) 18... gxf5 19. Nxf5 Qf4 20. d5 Qe4 21. Nh6+ (21. Rd4 $17 {might work better.} Qxc2+ (21... Qxg2 $2 22. Qc1 $18) 22. Kxc2) 21... Kg7 $2 (21... Kf8 $19 22. Bb4+ Kg7 (22... Nc5 $2 23. Qxe4 Nfxe4 24. Rd4 $19) 23. Nf5+ Kg6 24. Ne7+ Rxe7 25. Bxe7 Qxc2+ (25... Bxd5 26. Rhe1 $15) 26. Kxc2 Nxd5 (26... Bxd5 27. Rhe1 $17)) 22. Qxe4 $1 $11 Rxe4 23. Nf5+ $1 Kg6 24. Nd6 Re2 ({Don't play} 24... Rc7 25. Nxe4 (25. Bxf6 Nxf6 26. Nxe4 Nxe4 $11) 25... Nxe4 26. Rhe1 Nxc3+ 27. bxc3 $14) 25. Nxc8 Bxc8 26. Bd4 Nxd5 27. Rhe1 Rxe1 28. Rxe1 N7b6 29. Re8 f6 30. f3 h5 31. Kc1 Bf5 32. Kd2 Nb4 (32... Nc8 $11) 33. Rg8+ $16 Kf7 34. Rb8 N6d5 35. Rb7+ Kg6 36. a3 (36. Rxa7 Nc6 37. Ra4 Nxd4 $19) 36... Nc6 37. Bxa7 Bc8 ({Better is} 37... Na5 $14 38. Rb8 Nb3+ 39. Kd1 Kf7) 38. Rb5 $16 Nf4 39. g3 Nd3 40. Be3 Nce5 41. Ke2 c3 42. bxc3 Ba6 43. Rb6 Bc4 44. Bd4 Nf4+ 45. Kf2 Ned3+ (45... Nd5 {was called for.}) 46. Kg1 $18 Nd5 47. Rc6 Bb5 48. Rd6 Bc4 49. a4 Ne1 50. f4 Nf3+ 51. Kg2 Ne1+ $2 (51... Nd2 52. Kg1 Nf3+ 53. Kg2 Nd2) 52. Kf2 $18 Nd3+ 53. Kg1 1-0

[Event "Chinese League Division-A 2024"]
[Site "Fuling Chongqing"]
[Date "2024.06.26"]
[Round "1.28"]
[White "Chen, Zhi"]
[Black "Liu, Yan"]
[Result "0-1"]
[ECO "B90"]
[WhiteElo "2164"]
[BlackElo "2573"]
[Annotator "TA"]
[PlyCount "70"]
[EventDate "2024.06.28"]
[EventType "team-tourn"]
[EventCountry "CHN"]
[SourceTitle "playchess.com"]
[Source "ChessBase"]
[SourceQuality "1"]
[TimeControl "40/5400+30:1800+30"]

1. e4 c5 2. Nf3 d6 3. d4 cxd4 4. Nxd4 Nf6 5. Nc3 a6 6. h3 e5 7. Nde2 h5 8. Bg5 Be6 9. Bxf6 Qxf6 {[%emt 0:00:07] The position is equal.} 10. Nd5 Qd8 11. Qd3 Nd7 12. O-O-O g6 13. Kb1 Nc5 14. Qf3 Bh6 15. Nec3 O-O 16. g3 b5 17. a3 Rb8 18. Be2 Kh8 (18... Kg7 $1 $15 {might be stronger.}) 19. Qg2 $2 {[%emt 0:21:48] White is now going downhill.} (19. h4 $11 {and White has nothing to worry.}) 19... Bd7 (19... Qd7 $1 $19 {And now ...a5 would win.} 20. Nf6 Qb7) 20. f4 (20. b4 $15) 20... a5 $19 {[%emt 0:02:37] Hoping for ...b4.} 21. b4 axb4 22. axb4 {[%emt 0:00:19] [#]} exf4 23. gxf4 {[%emt 0:06:39] [#]} (23. bxc5 b4 24. Na2 b3 $19) 23... Ra8 $1 24. Qf2 {[%emt 0:04:53] [#]} (24. bxc5 $2 Qa5 $19) (24. Bxb5 $142 Qb8 25. Bc4) 24... Bg7 $1 {[%emt 0:05:45][%cal Oc5e4] White must now prevent ...Nxe4!} 25. Kc1 (25. bxc5 $2 Qa5 26. Kc1 Bxc3 27. Nxc3 Qxc3 28. Qd4+ Qxd4 29. Rxd4 Ra1+ (29... dxc5 $2 30. Rdd1 $19) 30. Kb2 Rxh1 $19) 25... Na4 26. Kd2 (26. Nxb5 $2 {is the wrong capture.} Bxb5 (26... Nb2 27. Rdf1 $17) 27. Bxb5 Nc3 $19 (27... Nb2 $2 28. Kd2 $19)) (26. Nxa4 $142 Rxa4 27. h4) 26... Nxc3 27. Nxc3 Bc6 {[%emt 0:00:25] Strongly threatening ...Qf6. This pair of bishops is nice.} 28. Bd3 Qf6 29. Ne2 Rfe8 30. Qf3 Ra3 31. Qg2 Qb2 32. Rb1 Qa2 {[%emt 0:00:17][%cal Oa3d3] ( -> ...Rxd3+!)} 33. Ng3 h4 34. Ne2 {[%emt 0:00:27] [#]} Rxd3+ $1 35. Kxd3 Qc4+ {[%emt 0:00:19] Weighted Error Value: White=1.05/Black=0.11 (very precise) .  Mistake:       	White=4     	Black=2      Inaccurate:     	White=4     	Black=1      OK:         	White=5     	Black=12     Best:        	---       	Black=1      Strong:       	---       	Black=1} 0-1

[Event "Chinese League Division-A 2024"]
[Site "Fuling Chongqing"]
[Date "2024.06.26"]
[Round "1.29"]
[White "Lei, Tingjie"]
[Black "Zhu, Jiner"]
[Result "1/2-1/2"]
[ECO "B52"]
[WhiteElo "2548"]
[BlackElo "2476"]
[Annotator "TA"]
[PlyCount "63"]
[EventDate "2024.06.28"]
[EventType "team-tourn"]
[EventCountry "CHN"]
[SourceTitle "playchess.com"]
[Source "ChessBase"]
[SourceQuality "1"]
[TimeControl "40/5400+30:1800+30"]

1. e4 c5 2. Nf3 d6 3. Bb5+ Bd7 4. Bxd7+ Qxd7 5. c4 Nf6 6. Nc3 g6 7. d4 cxd4 8. Nxd4 Bg7 9. f3 O-O 10. Be3 Nc6 11. O-O e6 12. Qd2 Ne5 13. b3 d5 14. exd5 exd5 15. c5 Rac8 16. Ndb5 Nc6 17. Rad1 Rfd8 (17... Rcd8 $11) 18. Bf2 {[%emt 0:10:30] White is much more active.} (18. Qf2 {with more complications.} Qf5 19. Nd6 Rxd6 20. cxd6 d4 21. Bxd4 Nxd4 22. Qxd4 Nd7 23. Qxa7 Rxc3 24. Qxb7 Be5 25. Rfe1) 18... d4 19. Na4 (19. Nxd4 $5 Ng4 20. fxg4 (20. Nxc6 Qxd2 21. Nxd8 Qxc3 $17) 20... Nxd4 21. Kh1 Rxc5 22. Ne4 $11) 19... Nd5 20. Nxd4 Nxd4 21. Bxd4 Ne7 22. Bc3 Qxd2 23. Bxd2 Bd4+ 24. Kh1 Bxc5 25. Nxc5 Rxc5 26. Be3 Rxd1 27. Rxd1 $11 {[%emt 0:00:02] KRB-KRN} Rc2 28. Rd8+ Kg7 29. Bd4+ ({Don't play} 29. Bxa7 Nc6 30. Rc8 Rxa2 $17) 29... Kh6 30. Be3+ Kg7 31. Bd4+ ({Much weaker is} 31. Bxa7 Nc6 32. Rc8 Rxa2 $17) 31... Kh6 $1 32. Be3+ {[%emt 0:00:09] Weighted Error Value: White=0.06 (flawless) /Black=0.05 (flawless) .  Mistake:       	---       	Black=1      Inaccurate:     	White=1     	Black=1      OK:         	White=7     	Black=10     Best:        	White=1     	Black=1      Strong:       	---       	Black=1} 1/2-1/2

[Event "Chinese League Division-A 2024"]
[Site "Fuling Chongqing"]
[Date "2024.06.26"]
[Round "1.30"]
[White "Bai, Xue"]
[Black "Wang, Chuqiao"]
[Result "1/2-1/2"]
[ECO "C50"]
[WhiteElo "2114"]
[BlackElo "2278"]
[Annotator "RC"]
[PlyCount "87"]
[EventDate "2024.06.28"]
[EventType "team-tourn"]
[EventCountry "CHN"]
[SourceTitle "playchess.com"]
[Source "ChessBase"]
[SourceQuality "1"]
[TimeControl "40/5400+30:1800+30"]

1. e4 e5 2. Nf3 Nc6 3. d4 exd4 4. Bc4 Nf6 5. O-O d6 6. Nxd4 Be7 7. Nc3 O-O 8. Re1 Bd7 9. h3 a6 10. a4 Rb8 11. Nxc6 Bxc6 12. a5 Nd7 13. Nd5 Bh4 14. g3 Bf6 15. c3 Re8 16. Bf4 Be5 17. Be3 Bf6 18. Bd4 Bxd4 19. Qxd4 Ne5 20. Be2 Bb5 21. Kg2 Nc6 22. Qe3 Bxe2 23. Qxe2 Ne7 24. Qc4 Nxd5 25. exd5 Qd7 26. b4 h6 27. Qd3 Rxe1 28. Rxe1 Re8 29. Re4 Rxe4 30. Qxe4 g6 31. h4 h5 32. Kf3 Qb5 33. Ke3 Qf1 34. Qd3 Qe1+ 35. Kf3 Qe5 36. Qc4 Qe7 37. Kg2 Qd7 38. Qe2 Kg7 39. Qd3 Kg8 40. Kg1 Qe7 41. Kf1 Qd7 42. Kg1 Qe7 43. Kf1 Qd7 44. Kg1 1/2-1/2

[Event "Chinese League Division-A 2024"]
[Site "Fuling Chongqing"]
[Date "2024.06.27"]
[Round "2.1"]
[White "Li, Chao b"]
[Black "Bu, Xiangzhi"]
[Result "1/2-1/2"]
[ECO "C01"]
[WhiteElo "2645"]
[BlackElo "2689"]
[Annotator "TA"]
[PlyCount "68"]
[EventDate "2024.06.28"]
[EventType "team-tourn"]
[EventCountry "CHN"]
[SourceTitle "playchess.com"]
[Source "ChessBase"]
[SourceQuality "1"]
[TimeControl "40/5400+30:1800+30"]

1. e4 e5 2. Nf3 Nf6 3. Nxe5 d6 4. Nf3 Nxe4 5. d3 Nf6 6. d4 d5 7. Bd3 Bd6 8. O-O O-O 9. Bg5 Bg4 10. Nbd2 Nbd7 11. c3 c6 12. Qc2 Qc7 13. Rfe1 Rfe8 14. Bh4 Bh5 15. Bg3 {[%emt 0:01:04] The position is equal.} Bg6 16. Bxg6 hxg6 17. Rxe8+ Rxe8 18. Re1 Rxe1+ 19. Nxe1 Bxg3 20. hxg3 Qd8 21. Qd1 Qe7 22. Nd3 Kf8 23. Kf1 Ne4 24. Qe1 g5 25. f3 Nxd2+ 26. Qxd2 $11 {[%emt 0:00:06][%mdl 4096] Endgame. KQN-KQN} f6 27. g4 Kf7 28. Kf2 Nf8 29. Qd1 Ne6 30. g3 g6 31. Qh1 Kg7 32. Qe1 Kf7 33. Qh1 Kg7 34. Qe1 Kf7 {[%emt 0:00:03] An uneventful encounter.   Weighted Error Value: White=0.03 (flawless) /Black=0.02 (flawless) .  OK:         	White=4     	Black=9} 1/2-1/2

[Event "Chinese League Division-A 2024"]
[Site "Fuling Chongqing"]
[Date "2024.06.27"]
[Round "2.2"]
[White "Zeng, Chongsheng"]
[Black "Xiu, Deshun"]
[Result "1-0"]
[ECO "C24"]
[WhiteElo "2578"]
[BlackElo "2514"]
[Annotator "TA"]
[PlyCount "55"]
[EventDate "2024.06.28"]
[EventType "team-tourn"]
[EventCountry "CHN"]
[SourceTitle "playchess.com"]
[Source "ChessBase"]
[SourceQuality "1"]
[TimeControl "40/5400+30:1800+30"]

1. e4 e5 2. Bc4 Nf6 3. d3 c6 4. Nf3 d6 5. O-O Be7 6. Re1 O-O 7. Nbd2 Nbd7 8. d4 exd4 9. Nxd4 {[%emt 0:00:29] The position is equal.} Re8 10. Bf1 Bf8 11. c4 Qb6 12. Nc2 Nc5 13. Qf3 {[%emt 0:00:09] [#]} d5 $1 14. e5 (14. cxd5 cxd5) 14... Nfe4 {[%emt 0:01:35] Black wants to play ...Nxd2.} 15. b4 Nd7 16. Nxe4 dxe4 17. Rxe4 {[%emt 0:00:34] Strongly threatening c5.} Nxe5 18. Qh5 g6 (18... Qc7 $1 $14) 19. Rxe5 $18 gxh5 20. Rxe8 Kg7 {[%emt 0:00:13][%cal Oa7a5] Dodges Bh6+. Black is weak on the dark squares} 21. c5 {[%emt 0:04:11][%mdl 1024] White has strong compensation.} Qc7 22. Bb2+ f6 23. Nd4 (23. Bxf6+ $18 Kxf6 24. Rxf8+ Kg7 25. Re8) 23... a5 $2 {[%emt 0:06:33][%mdl 8192] [#]} (23... Qf7 $16 24. Nf5+ Kg6) 24. Rae1 $2 (24. Bc4 $1 $18 {is the precise move to win.}) 24... axb4 $2 (24... Qf7 $16 {is tougher.}) 25. Bc4 (25. Ne6+ Bxe6 26. Rxa8 Qf7 $16) 25... Qa5 {[%emt 0:02:46] [#]} 26. R1e7+ {[%emt 0:00:53][%mdl 512] White mates.} Kg6 27. Rxf8 Bg4 28. Rxf6+ {[%emt 0:00:58] Weighted Error Value: White=0.33/Black=0.73.  Loses game:     	---       	Black=2      Missed win:     	White=1     	---        Mistake:       	White=1     	Black=1      Inaccurate:     	---       	Black=2      OK:         	White=5     	Black=10     Best:        	White=3     	Black=2      Brilliant:      	White=1     	---} 1-0

[Event "Chinese League Division-A 2024"]
[Site "Fuling Chongqing"]
[Date "2024.06.27"]
[Round "2.3"]
[White "Zhang, Di"]
[Black "Liu, Yan"]
[Result "1/2-1/2"]
[ECO "B50"]
[WhiteElo "2362"]
[BlackElo "2573"]
[Annotator "TA"]
[PlyCount "126"]
[EventDate "2024.06.28"]
[EventType "team-tourn"]
[EventCountry "CHN"]
[SourceTitle "playchess.com"]
[Source "ChessBase"]
[SourceQuality "1"]
[TimeControl "40/5400+30:1800+30"]

1. e4 c5 2. Nf3 d6 3. c3 Nf6 4. h3 g6 5. Bd3 Bg7 6. Bc2 e5 7. d4 exd4 8. cxd4 O-O 9. O-O Nc6 10. Nc3 cxd4 11. Nxd4 d5 12. Nxc6 bxc6 13. Bg5 {[%emt 0:00:12] B50: Sicilian: 2...d6, Miscellaneous.} Qc7 $146 ({Predecessor:} 13... h6 14. Be3 Be6 15. Qf3 d4 16. Rfd1 c5 17. Bf4 Qb6 18. Na4 Qb5 19. b3 Nd7 20. Rab1 c4 21. bxc4 Qxc4 {1-0 Martinez Alcantara,J (2619)-Bok,B (2615) Titled Tuesday intern op 25th Jul Early blitz 2023 (9)}) 14. Bxf6 Bxf6 15. exd5 Bxc3 16. d6 Qb8 17. bxc3 Rd8 18. Qf3 Rxd6 19. Be4 Qc7 20. Rfd1 Rxd1+ 21. Rxd1 Be6 22. a4 Rc8 23. Qf6 Re8 24. Bf3 Bd5 25. Bxd5 cxd5 26. g3 Qe5 27. Qc6 Kg7 28. Qc5 Qh5 $1 29. Rxd5 (29. Qxd5 $2 {too greedy.} Re1+ (29... Qxh3 30. Qd4+ Kg8 31. Qxa7 $16) 30. Rxe1 Qxd5 $19) 29... Qxh3 30. Qd4+ (30. Qxa7 $2 Re1#) 30... Kh6 $1 31. Re5 (31. Qxa7 $2 Re1#) 31... Rxe5 $1 32. Qxe5 Qd7 33. a5 g5 $2 (33... Qd1+ $11 {and Black stays safe.} 34. Kg2 Qd3) 34. Qf6+ $18 Kh5 35. c4 (35. Kg2 $1 $18) 35... Qc7 $1 $14 36. Qf3+ Kg6 37. Qd5 Kf6 38. a6 h6 (38... h5 $11 {remains equal.}) 39. c5 $16 Ke7 40. Kh2 f6 41. Qf5 h5 42. Qh7+ Kd8 43. Qg8+ Kd7 44. Qf7+ Kc6 45. Qxf6+ ({Reject} 45. Qxh5 Kxc5 46. Qf3 Kb5 $11) 45... Kb5 46. Qxg5 Kxa6 47. Qxh5 Kb5 48. f4 a5 $1 49. f5 (49. Kh3 $14) 49... Qxc5 $2 {[%emt 0:02:10] [#]} (49... Qe5 $1 $11) 50. Qe2+ (50. Qf3 $1 $18 {is the precise move to win. aiming for f6.} a4 51. f6) 50... Kc6 $16 {[%emt 0:00:37] [#]} 51. f6 (51. Qe6+ $1 $16 Kc7 52. f6) 51... Kd7 $1 $11 52. Qg4+ Kd6 53. Kh3 Qe5 54. Qf3 Ke6 55. g4 (55. f7 $5 Qh8+ $8 56. Kg2 Qb2+ 57. Kh3 Qh8+ 58. Kg2 Qb2+ 59. Kf1 Qb5+ 60. Ke1 Qb1+ 61. Qd1 Qe4+ 62. Kf2 Qf5+ 63. Kg1 $11) 55... Qxf6 56. Qb3+ Ke7 57. Qa3+ Kf7 58. Qxa5 Qf3+ 59. Kh4 Qh1+ 60. Kg3 Qg1+ 61. Kf4 Qf1+ 62. Kg3 Qg1+ 63. Kf4 Ke6 $2 (63... Qd4+ $11 64. Kf3 Qd1+ 65. Ke3 Qxg4) 1/2-1/2

[Event "Chinese League Division-A 2024"]
[Site "Fuling Chongqing"]
[Date "2024.06.27"]
[Round "2.4"]
[White "Lei, Tingjie"]
[Black "Li, Ruofan"]
[Result "1-0"]
[ECO "C55"]
[WhiteElo "2548"]
[BlackElo "2321"]
[Annotator "RC"]
[PlyCount "75"]
[EventDate "2024.06.28"]
[EventType "team-tourn"]
[EventCountry "CHN"]
[SourceTitle "playchess.com"]
[Source "ChessBase"]
[SourceQuality "1"]
[TimeControl "40/5400+30:1800+30"]

1. e4 e5 2. Nf3 Nc6 3. Bc4 Nf6 4. d3 Be7 5. O-O O-O 6. Re1 d6 7. a4 h6 8. a5 Be6 9. a6 bxa6 10. Rxa6 Nb4 11. Ra1 c5 12. Nbd2 Nd7 13. c3 Bxc4 14. Nxc4 Nc6 15. Ne3 Nb6 16. Nf5 Re8 17. h4 Bf6 18. g4 d5 19. Qe2 Ne7 20. g5 Nxf5 21. exf5 e4 22. gxf6 exf3 23. Qxe8+ Qxe8 24. Rxe8+ Rxe8 25. Be3 c4 26. d4 Nd7 27. fxg7 Kxg7 28. Kh2 Re4 29. Kg3 Nf6 30. Ra6 Rg4+ 31. Kxf3 Rxh4 32. Bf4 Rh5 33. Be5 Rxf5+ 34. Ke2 h5 35. f4 Kg6 36. Kf3 Kg7 37. Rxf6 Rxf6 38. f5 1-0

[Event "Chinese League Division-A 2024"]
[Site "Fuling Chongqing"]
[Date "2024.06.27"]
[Round "2.5"]
[White "Wang, Yu A."]
[Black "Wang, Chuqiao"]
[Result "1/2-1/2"]
[ECO "C47"]
[WhiteElo "2234"]
[BlackElo "2278"]
[Annotator "RC"]
[PlyCount "62"]
[EventDate "2024.06.28"]
[EventType "team-tourn"]
[EventCountry "CHN"]
[SourceTitle "playchess.com"]
[Source "ChessBase"]
[SourceQuality "1"]
[TimeControl "40/5400+30:1800+30"]

1. e4 e5 2. Nf3 Nc6 3. Nc3 Nf6 4. d4 exd4 5. Nxd4 Bb4 6. Nxc6 bxc6 7. Bd3 d5 8. exd5 cxd5 9. O-O O-O 10. Bg5 c6 11. Qf3 Be7 12. h3 Be6 13. Ne2 h6 14. Bf4 Qb6 15. b3 c5 16. Ng3 c4 17. Bf5 cxb3 18. axb3 Bd6 19. Bd3 Bxf4 20. Qxf4 a5 21. Nf5 Bxf5 22. Qxf5 Rfe8 23. Ra4 Qc7 24. Qf4 Qxf4 25. Rxf4 Ne4 26. Bxe4 dxe4 27. Re1 Rac8 28. Rfxe4 Rxe4 29. Rxe4 Rxc2 30. Ra4 Rc3 31. Rxa5 Rxb3 1/2-1/2

[Event "Chinese League Division-A 2024"]
[Site "Fuling Chongqing"]
[Date "2024.06.27"]
[Round "2.6"]
[White "Bai, Jinshi"]
[Black "Chen, Yuan"]
[Result "1-0"]
[ECO "D30"]
[WhiteElo "2564"]
[BlackElo "2294"]
[Annotator "TA"]
[PlyCount "135"]
[EventDate "2024.06.28"]
[EventType "team-tourn"]
[EventCountry "CHN"]
[SourceTitle "playchess.com"]
[Source "ChessBase"]
[SourceQuality "1"]
[TimeControl "40/5400+30:1800+30"]

1. Nf3 e6 2. g3 d5 3. Bg2 Nf6 4. d4 c5 5. c4 Nc6 6. cxd5 exd5 7. O-O Be7 8. dxc5 Bxc5 9. a3 a6 {[%emt 0:06:48] D30: Queen's Gambit Declined: Systems without Nc3.} 10. b4 Ba7 11. Nc3 d4 12. Na4 O-O 13. Bb2 Ne4 14. Rc1 (14. Nxd4 Nxf2 15. Rxf2 Nxd4 $15) 14... Bg4 15. Nc5 $146 ({Predecessor:} 15. h3 Bh5 16. Nc5 Bxc5 17. bxc5 Bxf3 18. Bxf3 Re8 19. h4 Qf6 20. Qc2 Qe5 21. Kg2 {1-0 Romanov,E (2595)-Berzinsh,R (2392) Riga Tech op 2nd 2012 (4)}) 15... Bxc5 ({Black should try} 15... Nxc5 $1 $14 16. bxc5 Bxf3 17. Bxf3 Qd7) 16. bxc5 $16 Bxf3 17. exf3 Nf6 18. f4 Qa5 19. Bxc6 bxc6 20. Qxd4 Rab8 21. Rc2 Rfd8 22. Qc4 Qb5 23. Be5 Qxc4 24. Rxc4 Rb5 25. Re1 Nd5 26. Bd6 (26. f5 $5) 26... f6 $1 27. f5 Kf7 28. Rce4 Rb3 29. Ra4 Ra8 30. Re6 g5 (30... Rb5 $14) 31. h4 h6 32. hxg5 hxg5 33. g4 Rb5 (33... Rc3 $16 {was necessary.}) 34. Rc4 (34. Rae4 $18) 34... Re8 $1 $14 35. Rce4 (35. Rxe8 {simplifies} Kxe8 36. Re4+ Kd7 37. Kg2) 35... Rc8 (35... Rxe6 $14 36. fxe6+ Ke8) 36. Kg2 $18 Ra8 37. a4 Rb7 38. Bg3 Rc8 39. Rd6 $1 Re7 40. Ree6 Rxe6 41. Rxe6 Nc3 42. Re3 Nxa4 43. Bd6 Re8 44. Rb3 Re4 45. f4 Re2+ 46. Kf3 Rb2 47. Re3 (47. Rxb2 $1 $16 {White threatens Rb7+ and mate.} Nxb2 48. fxg5 fxg5 49. Ke4) 47... Rb7 $1 $11 48. fxg5 fxg5 49. Re6 Rb3+ $1 50. Kf2 Nc3 {[%emt 0:02:16] [#]} (50... Rb4 $11 {keeps the balance.}) 51. Re7+ $1 $16 Kf6 52. Re6+ Kf7 53. Be7 ({White should play} 53. Bc7 $14) 53... Rb4 $11 54. Kg3 Ne4+ 55. Kf3 Nd2+ $1 56. Ke3 Nf1+ 57. Ke2 Nh2 58. Bxg5 Rxg4 {[%emt 0:00:15] [#]} (58... Nxg4 $14 59. Rxc6 Rb2+ 60. Bd2 a5) 59. Be3 $1 $18 Rg2+ (59... Ra4 $142 60. Rxc6 Ng4) 60. Kd3 $18 Ng4 $2 (60... Nf3 {might work better.} 61. Ke4 (61. Rxc6 $2 {loses.} Ne5+ 62. Kd4 Nxc6+ $19) 61... Ne1) 61. Bd4 $18 (61. Rxc6 $2 {is the wrong capture.} Ne5+ 62. Kd4 Nxc6+ $19) 61... Rg3+ $2 (61... Nf2+ 62. Kc4 Rg5 63. Bxf2 Rxf5) 62. Ke4 $18 Rh3 63. Rxc6 a5 64. Rc7+ Ke8 65. c6 Rh4 66. Kd5 Nh6 67. Rc8+ Kf7 68. c7 1-0

[Event "Chinese League Division-A 2024"]
[Site "Fuling Chongqing"]
[Date "2024.06.27"]
[Round "2.7"]
[White "Lu, Shanglei"]
[Black "Kong, Xiangrui"]
[Result "1/2-1/2"]
[ECO "C13"]
[WhiteElo "2606"]
[BlackElo "2439"]
[Annotator "TA"]
[PlyCount "73"]
[EventDate "2024.06.28"]
[EventType "team-tourn"]
[EventCountry "CHN"]
[SourceTitle "playchess.com"]
[Source "ChessBase"]
[SourceQuality "1"]
[TimeControl "40/5400+30:1800+30"]

1. e4 e6 2. d4 d5 3. Nc3 Nf6 4. Bg5 dxe4 5. Nxe4 Nbd7 6. Nf3 Be7 7. Nxf6+ Bxf6 8. h4 c5 9. Qd2 cxd4 10. O-O-O O-O 11. Nxd4 h6 12. Be3 Nb6 13. Kb1 Nd5 14. Be2 Nxe3 ({Of course not} 14... Bxh4 $6 15. Bxh6 Bf6 16. c4 $16) 15. Qxe3 {[%emt 0:01:45][%cal Od4e6] aiming for Nxe6!} Qb6 16. c3 {[%emt 0:09:22] Active counter play!} Rd8 17. g3 Bd7 18. Bf3 Ba4 19. Nb3 Rxd1+ 20. Rxd1 Qxe3 21. fxe3 Rb8 22. Rd2 b6 {[%emt 0:00:21] Inhibits Nc5.} 23. Nd4 Rd8 24. b3 Be8 {[%emt 0:00:24] [#] Hoping for ...e5.} 25. Kc2 Kf8 26. c4 Ke7 27. Nc6+ Bxc6 28. Bxc6 h5 29. Rxd8 Kxd8 $15 {[%emt 0:00:01][%mdl 4096] Endgame. KB-KB} 30. Bf3 g6 31. Kd3 Be5 32. g4 {[%emt 0:00:03] The position is equal.} hxg4 33. Bxg4 Ke7 34. h5 f5 35. Bf3 g5 36. h6 Kf6 37. Bb7 {[%emt 0:00:27] Weighted Error Value: White=0.04 (flawless) /Black=0.02 (flawless) .  Inaccurate:     	White=1     	---        OK:         	White=14    	Black=15     Best:        	White=1     	Black=2} 1/2-1/2

[Event "Chinese League Division-A 2024"]
[Site "Fuling Chongqing"]
[Date "2024.06.27"]
[Round "2.8"]
[White "Ma, Qun"]
[Black "Xu, Minghui"]
[Result "1-0"]
[ECO "C92"]
[WhiteElo "2643"]
[BlackElo "2388"]
[Annotator "TA"]
[PlyCount "57"]
[EventDate "2024.06.28"]
[EventType "team-tourn"]
[EventCountry "CHN"]
[SourceTitle "playchess.com"]
[Source "ChessBase"]
[SourceQuality "1"]
[TimeControl "40/5400+30:1800+30"]

1. e4 e5 2. Nf3 Nc6 3. Bb5 a6 4. Ba4 Nf6 5. O-O Be7 6. Re1 b5 7. Bb3 d6 8. c3 O-O 9. h3 Bb7 10. d4 Re8 11. Nbd2 Bf8 12. a4 Na5 13. Bc2 c5 14. b3 cxd4 {[%emt 0:15:09] The position is equal.} 15. cxd4 d5 16. axb5 (16. exd5 {is more complex.} exd4 17. axb5 axb5 18. Bb2) 16... axb5 17. exd5 exd4 18. Rxe8 Qxe8 19. Bb2 Nxd5 20. Nxd4 Nc6 {[%emt 0:20:22] Strongly threatening ...Nxd4.} 21. Rxa8 Bxa8 22. Nf5 {[%emt 0:00:07][%cal Of5h6] Hoping for Nh6+!} f6 23. Qg4 {[%emt 0:10:38] aiming for Nh6+.} Kh8 24. Nf3 Nd8 25. Qh4 $40 {[%emt 0:11:24][%cal Of5g7][%mdl 128] White wants to mate with Nxg7! White is up to no good.} Kg8 26. Ng3 {[%emt 0:07:54] White has more active pieces.} h6 (26... g6 $1 $14) 27. Qg4 $16 Nb4 {[%emt 0:00:51] [#]} (27... Qe6 $16) 28. Be4 $2 (28. Nh5 $1 $18 Kh8 (28... Nxc2 $2 {loses.} 29. Nxf6+ Kf7 30. Nxe8 $18) 29. Nxf6 Bxf3 30. Qxb4 (30. Nxe8 $2 Bxg4 31. Be4 Be2 $19) 30... Bxb4 (30... gxf6 $2 {is the wrong capture.} 31. Qf4 $18) 31. Nxe8) 28... Bd5 $2 {[%emt 0:00:40][%mdl 8192] [#]} (28... Bxe4 $11 29. Nxe4 Kh8) 29. Nh5 $1 {[%emt 0:01:14] Weighted Error Value: White=0.32/Black=0.55.  Loses game:     	---       	Black=1      Missed win:     	White=1     	---        Mistake:       	---       	Black=2      Inaccurate:     	White=2     	Black=3      OK:         	White=3     	Black=3      Best:        	White=1     	---        Strong:       	White=1     	---} 1-0

[Event "Chinese League Division-A 2024"]
[Site "Fuling Chongqing"]
[Date "2024.06.27"]
[Round "2.9"]
[White "Ding, Yixin"]
[Black "Zhai, Mo"]
[Result "1/2-1/2"]
[ECO "C47"]
[WhiteElo "2397"]
[BlackElo "2348"]
[Annotator "RC"]
[PlyCount "68"]
[EventDate "2024.06.28"]
[EventType "team-tourn"]
[EventCountry "CHN"]
[SourceTitle "playchess.com"]
[Source "ChessBase"]
[SourceQuality "1"]
[TimeControl "40/5400+30:1800+30"]

1. e4 e5 2. Nf3 Nc6 3. Nc3 Nf6 4. d4 exd4 5. Nxd4 Bb4 6. Nxc6 bxc6 7. Bd3 d5 8. exd5 O-O 9. O-O cxd5 10. Qf3 c6 11. Bg5 Bd6 12. Rae1 Rb8 13. Nd1 h6 14. Bxf6 Qxf6 15. Qxf6 gxf6 16. b3 f5 17. Ne3 f4 18. Nf5 Bxf5 19. Bxf5 Kg7 20. g3 Kf6 21. Bd3 h5 22. Kg2 Rh8 23. Kf3 fxg3 24. hxg3 h4 25. Rh1 hxg3 26. fxg3 a5 27. a4 Bb4 28. Ref1 Ke5 29. g4 f6 30. Rxh8 Rxh8 31. Kg2 Rg8 32. Kf3 Rh8 33. Kg2 Rg8 34. Kf3 Rh8 1/2-1/2